 Dungeon Sprint DCSS version 0.23-a0-899-gbbae0a3 (webtiles) character file.

Game seed: 15297705403835111192

64 jerryfan the Ruffian (level 3, 0/28 HPs)
             Began as a Draconian Transmuter on Jan 29, 2019.
             Slain by a killer bee (3 damage)
             ... in the Dungeon (Sprint IV: "Fedhas' Mad Dash").
             The game lasted 00:03:53 (1026 turns).

jerryfan the Ruffian (Draconian Transmuter)         Turns: 1026, Time: 00:03:54

Health: 0/28       AC:  5    Str: 12    XL:     3   Next: 91%
Magic:  7/8        EV: 13    Int: 14    God:
Gold:   78         SH:  0    Dex: 11    Spells: 6/9 levels left

rFire    . . .     SeeInvis .     - Unarmed
rCold    . . .     Gourm    .   (no shield)
rNeg     . . .     Faith    .   (armour unavailable)
rPois    .         Spirit   .   (helmet restricted)
rElec    .         Reflect  .   (no cloak)
rCorr    .         Harm     .   (no gloves)
MR       .....     NoTele   +   (no boots)
Stlth    +.........             k - amulet of invisibility {+Inv}
HPRegen  0.09/turn              (no ring)
MPRegen  0.11/turn              (no ring)

@: very slightly contaminated, invisible (expiring)
A: unfitting armour, cold-blooded, AC +5
a: no special abilities


You were in the Dungeon.
You were not hungry.

You visited 1 branch You collected 78 gold pieces.

Inventory:

Missiles
 a - 4 arrows
Jewellery
 k - the amulet of invisibility (around neck) {+Inv}
   (You found it in the Dungeon)

   [amulet of nothing]

   It lets you turn invisible.
Scrolls
 b - a scroll of amnesia {unknown}
 i - a scroll of blinking
 j - a scroll of remove curse {unknown}
Potions
 e - a potion of heal wounds
 f - a potion of haste
 g - 2 potions of magic
 h - a potion of berserk rage


   Skills:
 + Level 1.1 Fighting
 + Level 3.0 Dodging
 + Level 0.7 Stealth
 + Level 5.8 Unarmed Combat
 + Level 3.8 Spellcasting
 + Level 3.8 Transmutations
 + Level 0.1 Evocations


You had 6 spell levels left.
You knew the following spells:

 Your Spells              Type           Power        Failure   Level  Hunger
a - Beastly Appendage     Tmut           ##....       4%          1    None
b - Sticks to Snakes      Tmut           ##......     6%          2    ##.....

Your spell library contained the following spells:

 Spells                   Type           Power        Failure   Level  Hunger
 Spider Form              Tmut/Pois      #.........   26%         3    ###....
 Ice Form                 Ice/Tmut       #.......     65%         4    ####...
 Blade Hands              Tmut           ##........   75%         5    ######.


Dungeon Overview and Level Annotations

Branches:
Dungeon (1/1)

Altars:
Cheibriados
Gozag
Hepliaklqana
Makhleb
Nemelex Xobeh
Ru
Sif Muna
Trog
Wu Jian
Xom
Yredelemnul
Beogh
Jiyva

Annotations:
D exclusion: oklob sapling


Innate Abilities, Weirdness & Mutations

Your plain brown scales are hard. (AC +5)
You cannot fit into any form of body armour.
You are cold-blooded and may be slowed by cold attacks.


Message History

The killer bee stings you but does no damage.
The killer bee closely misses you. The killer bee misses you.
* * * LOW HITPOINT WARNING * * *
You feel sick. The killer bee misses you. The killer bee stings you.
* * * LOW HITPOINT WARNING * * *
You are more poisoned.
The killer bee poisons you!
You flicker for a moment.
* * * LOW HITPOINT WARNING * * *
You feel sick. The killer bee closely misses you.
* * * LOW HITPOINT WARNING * * *
You feel sick. The killer bee misses you. The killer bee barely misses you.
* * * LOW HITPOINT WARNING * * *
You feel sick. The killer bee closely misses you.
There is an open door here.
You are too injured to fight recklessly!
You feel better. The killer bee stings you!
* * * LOW HITPOINT WARNING * * *
The killer bee barely misses you. The killer bee stings you.
You die...

######################
#<..P#y....#.....#.⌠._
#PP..@yyy..'.#.).+.._.
#PPPP#.....#.#y..#..._
###############'##.._.
♣........'...#._._
%.....♣.....#...#####
.....♣..♣..###### #+##
#+#####


You could see a queen bee and 3 killer bees.

Vanquished Creatures
  An oklob sapling (D)
  A worker ant (D)
  A river rat (D)
  A rat (D)
4 creatures vanquished.

Vanquished Creatures (collateral kills)
  An oklob sapling (D)
1 creature vanquished.

Grand Total: 5 creatures vanquished

Notes
Turn   | Place    | Note
-------+----------+-------------------------------------------
     0 | D        | jerryfan the Draconian Transmuter began the quest for the
                  | Orb.
     0 | D        | Reached XP level 1. HP: 16/16 MP: 3/3
    13 | D        | Reached skill level 4 in Unarmed Combat
    13 | D        | Reached XP level 2. HP: 16/23 MP: 1/5
   104 | D        | Noticed an oklob sapling
   108 | D        | Found the amulet of invisibility {+Inv}
   117 | D        | Reached skill level 5 in Unarmed Combat
   117 | D        | Reached XP level 3. HP: 18/28 MP: 4/7
   152 | D        | HP: 1/28 [poisoned by a worker ant]
   461 | D        | Learned a level 2 spell: Sticks to Snakes
   461 | D        | Noticed an oklob sapling
   465 | D        | Found an opulent altar of Gozag.
   465 | D        | Found a hazy altar of Hepliaklqana.
   465 | D        | Found a burning altar of Makhleb.
   465 | D        | Found a roughly hewn altar of Beogh.
   465 | D        | Found a sparkling altar of Nemelex Xobeh.
   465 | D        | Found a snail-covered altar of Cheibriados.
   465 | D        | Found a sacrificial altar of Ru.
   465 | D        | Found a deep blue altar of Sif Muna.
   465 | D        | Found a shimmering altar of Xom.
   465 | D        | Found a basalt altar of Yredelemnul.
   466 | D        | Found a viscous altar of Jiyva.
   466 | D        | Found a bloodstained altar of Trog.
   466 | D        | Found an ornate altar of the Wu Jian Council.
   466 | D        | Noticed an oklob sapling priest
   545 | D        | Killed an oklob sapling
   558 | D        | Noticed a queen bee
   558 | D        | Noticed a killer bee
   558 | D        | Noticed a killer bee
   558 | D        | Noticed a killer bee
   559 | D        | Noticed a killer bee
   830 | D        | Killed an oklob sapling
  1025 | D        | HP: 1/28 [poisoned by a killer bee]
  1026 | D        | Slain by a killer bee

Vault maps used:
D:        dungeon_sprint_fedhas

Skill      XL: |  1  2  3 |
---------------+----------+-----
Dodging        | 2 3 |  3.0
Unarmed Combat | 4 5 |  5.8
Spellcasting   | 3 |  3.8
Transmutations | 3 |  3.8
Fighting       | |  1.1
Stealth        | |  0.7
Evocations     | |  0.1

Action                   || total
-------------------------++-------
Melee: Unarmed           ||    17
       Headbutt          ||     3
       Tailslap          ||     3
       Kick              ||     2
 Cast: Beastly Appendage ||     3
       Sticks to Snakes  ||     8
 Abil: Evoke Invisibilit ||     2
  Use: Potion            ||     1
  Eat: Ration            ||     1
Armor: Skin              ||     8
Dodge: Dodged            ||    41

Table legend:
 A = Non-vault XP
 B = Vault XP
 C = Vault XP percentage of total XP
 D = Non-vault monster count
 E = Vault monster count
 F = Vault count percentage of total count
                 A         B        C        D         E       F
            +---------+---------+-------+---------+---------+-------
      Total |       0 |      92 | 100.0 |       0 |       5 | 100.0
            +---------+---------+-------+---------+---------+-------
          D |       0 |      92 | 100.0 |       0 |       5 | 100.0
            +---------+---------+-------+---------+---------+-------
